 Dungeon Crawl Stone Soup version 0.21-a0-260-g9b2435e (webtiles) character file.

26486 sveltemanboy the Destroyer (level 12, -2/83 HPs)
             Began as a Demonspawn Monk on Sept 3, 2017.
             Was an Elder of Ashenzari.
             Slain by a blink frog (9 damage)
             ... on level 2 of the Lair of Beasts on Sept 7, 2017.
             The game lasted 00:55:27 (16619 turns).

sveltemanboy the Destroyer (Demonspawn Monk)       Turns: 16619, Time: 00:55:28

Health: -2/83      AC: 13    Str: 10    XL:     12   Next: 98%
Magic:  0/28       EV: 13    Int: 19    God:    Ashenzari [****..]
Gold:   906        SH:  0    Dex: 17    Spells: 12/19 levels left

rFire    + + .     SeeInvis +     - Unarmed
rCold    . . .     Gourm    .   (no shield)
rNeg     . . .     Faith    .   A - +4 ring mail of Polytheism {rPois Slay+3} (curse)
rPois    +         Spirit   +   I - +1 hat {MR+} (curse)
rElec    +         Reflect  .   g - +1 cloak (curse)
rCorr    .         Harm     .   (no gloves)
MR       +....     Clarity  +   (no boots)
Stlth    ++........             h - amulet of guardian spirit (curse)
HPRegen  0.23/turn              k - +4 ring of intelligence (curse)
MPRegen  0.21/turn              u - ring "Lois Tedwi" {rElec rF+ MP+9 Stlth+} (curse)

@: no status effects
A: claws 1, horns 1, talons 2, demonic guardian 2, fire resistance 1, high mp 1,
powered by pain 2, weak 1, subdued magic 1
a: Curse Item, Scrying, Renounce Religion


You were on level 2 of the Lair of Beasts.
You worshipped Ashenzari.
Ashenzari was greatly pleased with you.
You were not hungry.

You visited 2 branches of the dungeon, and saw 14 of its levels.
You also visited: Bailey.

You collected 955 gold pieces.
You spent 49 gold pieces at shops.

Inventory:

Armour
 g - a cursed +1 cloak (worn)
 m - the +3 steam dragon scales "Nuufoxep" {Int+9}
   (You found it in a bailey)

   It affects your intelligence (+9).
 A - the cursed +4 ring mail of Polytheism (worn) {rPois Slay+3}
   (You found it on level 4 of the Dungeon)

   It affects your accuracy and damage with ranged weapons and melee attacks
   (+3).
   It protects you from poison.
   It has a curse placed upon it.
 F - a +0 shield
 I - a cursed +1 hat of magic resistance (worn)
Jewellery
 h - a cursed amulet of guardian spirit (around neck)
 k - a cursed +4 ring of intelligence (left claw)
 u - the cursed ring "Lois Tedwi" (right claw) {rElec rF+ MP+9 Stlth+}
   (You took it off a kobold demonologist on level 9 of the Dungeon)

   [ring of magical power]

   It protects you from fire.
   It insulates you from electricity.
   It affects your magic capacity (+9).
   It makes you more stealthy.
   It has a curse placed upon it.
 G - the amulet of Vitality {Regen+ HP+15}
   (You found it on level 12 of the Dungeon)

   [amulet of regeneration]

   It affects your health (+15).
   It increases your rate of regeneration.
Wands
 i - a wand of flame (26/48)
 t - a wand of acid (4/15)
 C - a wand of disintegration (11/24)
 H - a wand of flame (30/48)
Scrolls
 a - 2 scrolls of magic mapping
 f - 6 scrolls of identify
 l - 3 scrolls of recharging
 s - 2 scrolls of remove curse
 w - 2 scrolls of blinking
 x - 5 scrolls of enchant weapon
 y - 3 scrolls of fear
 B - 3 scrolls of teleportation
 K - a scroll of amnesia {unknown}
Potions
 e - 2 potions of haste
 j - 2 potions of brilliance
 o - 2 potions of curing
 q - 2 potions of lignification
 v - 2 potions of flight
 E - a potion of resistance
Books
 d - a book of Conjurations

   Spells                             Type                      Level
   a - Magic Dart                     Conjuration                  1
   b - Searing Ray                    Conjuration                  2
   c - Dazzling Spray                 Conjuration/Hexes            3
   d - Fulminant Prism                Conjuration/Hexes            4
   e - Force Lance                    Conjuration/Translocation    4
   f - Iskenderun's Mystic Blast      Conjuration                  4
 p - a book of Battle

   Spells                             Type                      Level
   a - Infusion                       Charms                       1
   b - Shroud of Golubria             Charms/Translocation         2
   c - Song of Slaying                Charms                       2
   d - Spectral Weapon                Hexes/Charms                 3
   e - Regeneration                   Charms/Necromancy            3
 r - a book of Power

   Spells                             Type                      Level
   a - Iskenderun's Battlesphere      Conjuration/Charms           5
   b - Venom Bolt                     Conjuration/Poison           5
   c - Bolt of Magma                  Conjuration/Fire/Earth       5
   d - Iron Shot                      Conjuration/Earth            6
   e - Orb of Destruction             Conjuration                  7
   f - Spellforged Servitor           Conjuration/Summoning        7
Miscellaneous
 b - a phantom mirror
Comestibles
 c - 12 bread rations
 n - 4 royal jellies
 z - 4 meat rations
 D - 9 fruits


   Skills:
 - Level 4.1 Fighting
   Level 3.3 Long Blades
 - Level 4.0(6.1) Armour
 - Level 3.0(5.0) Dodging
 - Level 1.7 Stealth
 * Level 11.9 Unarmed Combat
 - Level 4.0 Spellcasting
 * Level 12.7(15.8) Conjurations
 - Level 9.0(12.3) Hexes
 - Level 2.6(5.4) Ice Magic


You had 12 spell levels left.
You knew the following spells:

 Your Spells              Type           Power        Failure   Level  Hunger
a - Ensorcelled Hibernat  Hex/Ice        ####..       1%          2    ##.....
b - Confuse               Hex            #####...     1%          3    ###....
c - Searing Ray           Conj           #####.       1%          2    ##.....


Dungeon Overview and Level Annotations

Branches:
Dungeon (12/15)            Temple (0/1) D:7            Lair (2/6) D:10
    Orc (0/2) D:12
  Swamp: Lair:2-4    Shoals: Lair:2-4     Snake: Lair:2-4    Spider: Lair:2-4

Altars:
Ashenzari
Cheibriados
Elyvilon
Fedhas
Gozag
Hepliaklqana
Kikubaaqudgha
Okawaru
Sif Muna
Trog
Uskayaw
Wu Jian
Xom
Beogh

Shops:
D:6 *   D:11 [

Annotations:
Lair:1 exclusion: oklob plant


Innate Abilities, Weirdness & Mutations

You have sharp fingernails.
You have a pair of small horns on your head.
You have razor-sharp toenails.
A demonic guardian rushes to your aid.
You sometimes gain power by taking damage.
Your flesh is heat resistant. (rF+)
You have an increased reservoir of magic. (+10% MP)
You are weak. (Str -2)
Your spells are a little easier to cast, but a little less powerful.


Message History

* * * LOW HITPOINT WARNING * * *
The blink frog blinks!
The blink frog blinks!
Your smoke demon hits the blink frog.
Your smoke demon misses the blink frog.
Your smoke demon hits the blink frog.
The blink frog blinks!
The blink frog barely misses your smoke demon.
The blink frog hits you!
* * * LOW HITPOINT WARNING * * *
The blink frog blinks!
Your smoke demon hits the blink frog. x2
Your smoke demon barely misses the blink frog.
The blink frog blinks!
The blink frog hits you but does no damage.
Your smoke demon gestures at the blink frog.
The blink frog is smitten.
The blink frog closely misses you.
Your smoke demon closely misses the blink frog.
Your smoke demon misses the blink frog.
Your smoke demon closely misses the blink frog.
The blink frog hits you!
You die...

##.#.....# * .....)...#....##
#...#...#######.......#.#...###
#...##............ ####*#.###
##.####....8....# *,* #.** *
##.# ##..F(...#* * **#., ##..##
#.8.).8.## , #, #., #.#..#
##........# ,... *
##...###....8..3.#..!.# ,
##..##.........@F.#,,* , *
##..#.....#######....... , ,,,
, #........## *...#...*
..>....##.., , #.8.+.. ,, *
#...#### . , , ...#, * , #.###
*** , #....,* * , .#. ∆** *, ,
,...P#, *,,, < .. ,,, ,**.#.##
, . ##.,, ** ,, , *** ,, *


You could see 2 blink frogs and a friendly smoke demon.

Vanquished Creatures
  2 hydras
  2 two-headed ogres (D:9)
  An unseen horror (D:12)
  An ugly thing (D:12)
  A manticore (D:11)
  2 centaur zombies
  The ghost of p0werm0de the Fighter, a novice DsHu (D:6)
  2 black mambas
  A spiny frog (Lair:1)
  A kobold demonologist (D:9)
  A freezing wraith (D:11)
  A komodo dragon (Lair:2)
  A hellwing (D:8)
  A hornet (D:8)
  A harpy zombie (D:8)
  4 blink frogs (Lair:2)
  4 hippogriffs
  A spriggan (D:9)
  3 wyverns
  A water elemental (D:12)
  3 wraiths
  8 yaks
  A basilisk (Lair:2)
  Grum (D:8)
  2 hungry ghosts
  A soldier ant (D:8)
  A water moccasin (Lair:1)
  6 porcupines
  3 sky beasts
  21 orc warriors
  6 ice beasts
  A phantom (D:10)
  7 ogres
  3 black bears
  5 wolves
  2 crocodiles
  9 bullfrogs
  3 big kobolds (D:10)
  A wyvern zombie (D:8)
  2 scorpions
  6 wights
  5 killer bees
  2 electric eels (D:12)
  2 howler monkeys
  4 crimson imps
  A quasit (D:9)
  6 hounds
  12 orc priests
  3 bullfrog zombies
  2 bullfrog skeletons
  2 jellies
  20 orc wizards
  2 centaur skeletons
  4 iguanas
  An iron imp (D:8)
  Jessica (D:2)
  6 worker ants
  2 hound zombies
  A hound skeleton (D:4)
  Robin (D:2)
  9 gnolls
  A howler monkey skeleton (D:8)
  16 adders
  3 shadow imps
  3 oozes
  An adder skeleton (D:10)
  6 worms
  A dart slug (D:1)
  7 leopard geckos
  76 orcs
  A ball python (D:1)
  7 giant cockroaches
  17 goblins
  7 hobgoblins
  5 jackals
  14 kobolds
  5 quokkas
  7 bats
  A frilled lizard (D:2)
  12 rats
400 creatures vanquished.

Vanquished Creatures (collateral kills)
  2 hydras (D:11)
  A centaur warrior (D:9)
  3 two-headed ogres
  Nergalle (D:11)
  A deep elf mage (D:9)
  2 ugly things
  2 centaur skeletons (D:8)
  2 spiny frogs
  A centaur zombie (D:8)
  2 komodo dragons
  A troll (D:9)
  A hellwing (D:8)
  3 blink frogs (Lair:2)
  A hippogriff (D:7)
  13 yaks
  A hungry ghost (D:8)
  A porcupine (Lair:1)
  2 orc warriors
  An ice beast (D:9)
  A phantom (D:8)
  A wolf (D:8)
  2 ogres
  A centaur (D:8)
  A bullfrog (Lair:2)
  2 killer bees (D:5)
  An electric eel (D:12)
  A howler monkey (D:8)
  2 crimson imps
  A bullfrog zombie (D:9)
  2 orc priests
  A hound (D:9)
  2 orc wizards (D:9)
  2 worker ants
  3 shadow imps (D:8)
  4 orcs
  A quokka (D:11)
69 creatures vanquished.

Vanquished Creatures (others)
  An orc (D:12)
  4 fungi (Lair:2)
5 creatures vanquished.

Grand Total: 474 creatures vanquished

Notes
Turn   | Place    | Note
-------+----------+-------------------------------------------
     0 | D:1      | sveltemanboy the Demonspawn Monk began the quest for the Orb.
     0 | D:1      | Reached XP level 1. HP: 18/18 MP: 1/1
   192 | D:1      | Gained mutation: You have sharp toenails. [demonic ancestry]
   192 | D:1      | Reached XP level 2. HP: 12/24 MP: 2/2
   508 | D:1      | Found a shattered altar of Ashenzari.
   512 | D:1      | Became a worshipper of Ashenzari the Shackled
   512 | D:1      | Reached * piety under Ashenzari
   512 | D:1      | Reached ** piety under Ashenzari
   744 | D:1      | Reached skill level 1 in Armour
   985 | D:2      | Gained mutation: You have a pair of small horns on your head. [demonic ancestry]
   985 | D:2      | Reached XP level 3. HP: 27/29 MP: 3/3
  1086 | D:2      | Noticed Robin
  1104 | D:2      | Killed Robin
  1287 | D:2      | Reached skill level 1 in Spellcasting
  1373 | D:2      | Reached XP level 4. HP: 35/35 MP: 5/5
  1567 | D:2      | Noticed Jessica
  1583 | D:2      | Killed Jessica
  2106 | D:3      | Gained mutation: A weak demonic guardian rushes to your aid. [demonic ancestry]
  2106 | D:3      | Reached XP level 5. HP: 36/42 MP: 8/8
  2230 | D:3      | Learned a level 2 spell: Ensorcelled Hibernation
  2250 | D:3      | Noticed a moth of wrath
  2253 | D:3      | Found a bloodstained altar of Trog.
  2282 | D:3      | Reached skill level 1 in Hexes
  2376 | D:3      | Found a white marble altar of Elyvilon.
  2613 | D:4      | Reached skill level 1 in Ice Magic
  2658 | D:4      | Gained mutation: A demonic guardian rushes to your aid. [demonic ancestry]
  2658 | D:4      | Reached XP level 6. HP: 31/48 MP: 9/9
  2837 | D:4      | Learned a level 3 spell: Confuse
  3378 | D:4      | Got the uncursed ring mail of Polytheism {rPois Slay+3}
  3389 | D:4      | Identified the +4 ring mail of Polytheism {rPois Slay+3} (You found it on level 4 of the Dungeon)
  3489 | D:5      | Entered Level 5 of the Dungeon
  3506 | D:5      | Reached XP level 7. HP: 43/54 MP: 10/10
  3683 | D:5      | Reached skill level 5 in Hexes
  4040 | D:5      | Gained mutation: You sometimes gain a little power by taking damage. [demonic ancestry]
  4040 | D:5      | Reached XP level 8. HP: 49/60 MP: 11/11
  4423 | D:5      | Found a deep blue altar of Sif Muna.
  4765 | D:6      | Noticed p0werm0de's ghost (novice DsHu)
  4782 | D:6      | Killed p0werm0de's ghost
  4900 | D:6      | Found an ornate altar of the Wu Jian Council.
  5703 | D:6      | Gained mutation: You have sharp fingernails. [demonic ancestry]
  5703 | D:6      | Reached XP level 9. HP: 65/65 MP: 12/12
  5720 | D:6      | Found a blossoming altar of Fedhas.
  5724 | D:6      | Found a shimmering altar of Xom.
  5726 | D:6      | Found an iron altar of Okawaru.
  5726 | D:6      | Found an ancient bone altar of Kikubaaqudgha.
  5728 | D:6      | Found a hazy altar of Hepliaklqana.
  5769 | D:6      | Found Giroetuj's General Store.
  5774 | D:6      | Bought a scroll of fear for 49 gold pieces
  5778 | D:6      | Gained mutation: You passively map a small area around you. [potion of mutation]
  5778 | D:6      | Gained mutation: Your body sometimes deteriorates upon taking damage. [potion of mutation]
  5778 | D:6      | Gained mutation: You have an increased reservoir of magic. (+10% MP) [potion of mutation]
  5840 | D:7      | Noticed a dagger
  5848 | D:7      | Found a hide-covered altar of Uskayaw.
  5849 | D:7      | Noticed a hand axe
  5982 | D:7      | Reached *** piety under Ashenzari
  6041 | D:7      | Found a staircase to the Ecumenical Temple.
  6108 | D:7      | Reached skill level 1 in Unarmed Combat
  6772 | D:8      | Learned a level 2 spell: Searing Ray
  6824 | D:8      | Noticed a two-headed ogre
  6833 | D:8      | Reached skill level 1 in Conjurations
  6834 | D:8      | Killed a two-headed ogre
  6834 | D:8      | Reached skill level 2 in Conjurations
  6865 | D:8      | Reached skill level 3 in Conjurations
  6887 | D:8      | Reached skill level 4 in Conjurations
  6894 | D:8      | Reached skill level 5 in Unarmed Combat
  6918 | D:8      | Gained mutation: You sometimes gain power by taking damage. [demonic ancestry]
  6918 | D:8      | Reached XP level 10. HP: 54/71 MP: 16/16
  6932 | D:8      | Reached skill level 5 in Conjurations
  6949 | D:8      | Noticed Grum
  6975 | D:8      | Killed Grum
  7120 | D:8      | Reached skill level 6 in Conjurations
  7618 | D:8      | Found a snail-covered altar of Cheibriados.
  7851 | D:9      | Noticed a two-headed ogre
  7865 | D:9      | Killed a two-headed ogre
  7865 | D:9      | Reached skill level 7 in Conjurations
  7909 | D:9      | Noticed a red ugly thing
  7911 | D:9      | Noticed a deep elf mage
  7911 | D:9      | Noticed a two-headed ogre
  7913 | D:9      | Noticed a centaur warrior
  7923 | D:9      | Killed a red ugly thing
  7926 | D:9      | Killed a two-headed ogre
  7952 | D:9      | Killed a centaur warrior
  7954 | D:9      | Killed a deep elf mage
  7954 | D:9      | Reached skill level 8 in Conjurations
  7957 | D:9      | Reached XP level 11. HP: 25/77 MP: 5/18
  8261 | D:9      | Found an opulent altar of Gozag.
  8378 | D:9      | Noticed a two-headed ogre
  8387 | D:9      | Killed a two-headed ogre
  8398 | D:9      | Identified the cursed +0 ring mail "Ekulat" {*Contam rF+ MR+ rCorr}
  8627 | D:9      | Identified the ring "Lois Tedwi" {rElec rF+ MP+9 Stlth+} (You took it off a kobold demonologist on level 9 of the Dungeon)
  9426 | D:10     | Entered Level 10 of the Dungeon
  9758 | D:10     | Reached skill level 9 in Conjurations
 10052 | D:10     | Lost mutation: Your body sometimes deteriorates upon taking damage. [potion of mutation]
 10052 | D:10     | Lost mutation: You passively map a small area around you. [potion of mutation]
 10052 | D:10     | Gained mutation: You are weak. (Str -2) [potion of mutation]
 10052 | D:10     | Gained mutation: Your flesh is heat resistant. (rF+) [potion of mutation]
 10052 | D:10     | Gained mutation: You have razor-sharp toenails. [potion of mutation]
 10420 | D:10     | Found a staircase to the Lair.
 10608 | D:11     | Reached **** piety under Ashenzari
 10859 | D:11     | Reached skill level 10 in Conjurations
 10902 | D:11     | Noticed Nergalle
 10910 | D:11     | Killed Nergalle
 10957 | D:11     | Noticed a seven-headed hydra
 10966 | D:11     | Killed a seven-headed hydra
 11035 | D:11     | Noticed a seven-headed hydra
 11044 | D:11     | Killed a seven-headed hydra
 11044 | D:11     | Reached skill level 10 in Unarmed Combat
 11353 | D:11     | Noticed a green ugly thing
 11377 | D:11     | Killed a green ugly thing
 11382 | D:11     | Noticed a two-headed ogre
 11394 | D:11     | Gained mutation: You are frail. (-10% HP) [mutagenic meat]
 11395 | D:11     | Lost mutation: You are frail. (-10% HP) [mutagenic meat]
 11396 | D:11     | Gained mutation: Your spells are a little easier to cast, but a little less powerful. [mutagenic meat]
 11419 | D:11     | Mutation became permanent: You have sharp toenails. [demonic ancestry]
 11419 | D:11     | Gained mutation: You have razor-sharp toenails. [demonic ancestry]
 11419 | D:11     | Reached XP level 12. HP: 79/83 MP: 19/19
 11461 | D:11     | Killed a two-headed ogre
 11612 | D:11     | Found Qyipaung's Antique Armour Boutique.
 11727 | D:12     | Found a roughly hewn altar of Beogh.
 11791 | D:12     | Reached skill level 11 in Conjurations
 11981 | D:12     | Found a flagged portal.
 12001 | Bailey   | Entered a bailey
 12558 | Bailey   | Identified the +3 steam dragon scales "Nuufoxep" {Int+9}
 12793 | D:12     | Found the amulet of Vitality {Regen+ HP+15}
 13625 | D:12     | Found a staircase to the Orcish Mines.
 13829 | Lair:1   | Entered Level 1 of the Lair of Beasts
 14625 | Lair:1   | Upgraded the game from 0.21-a0-241-g2cbab09 to 0.21-a0-243-g597973d
 14633 | Lair:1   | Reached skill level 12 in Conjurations
 14952 | Lair:1   | Noticed a six-headed hydra
 14965 | Lair:1   | Killed a six-headed hydra
 15658 | Lair:2   | Noticed an eight-headed hydra
 15670 | Lair:2   | Killed an eight-headed hydra
 15883 | Lair:2   | Identified a scroll of acquirement
 16456 | Lair:2   | Upgraded the game from 0.21-a0-243-g597973d to 0.21-a0-260-g9b2435e
 16619 | Lair:2   | Slain by a blink frog

Vault maps used:
D:1:      saegor_arrival_simple_a, st_stairs_13, nicolae_ashenzari_panopticon
D:2:      uniq_jessica, uniq_robin
D:3:      tgw_trog, lemuel_coloured_pillars_altar
D:5:      lemuel_blue_sif_altar, first_bread
D:6:      minitemple, old_standard_altar, serial_shops, kennysheep_little_box
D:7:      black_bear_nest_1, dancing_weapons_uskayaw,
          minmay_temple_entry_glassed_door
D:8:      cheibrodos_grave_circle, slow_altar_1, hangedman_minor_gate_pass,
          uniq_grum
D:9:      minmay_the_grid_square_5x5_3x3, lemuel_doored_altar,
          roderic_roman_lattice, the_bakery
D:10:     lair_entry_dummy, minmay_unpleasant_kobolds
D:11:     serial_shops, nicolae_shop_waterfront, dk_noncrumbling_2,
          uniq_nergalle
D:12:     erik_orc_2, enter_bailey_7
Lair:1:   minmay_lair_oklob_bushes, grunt_megastairs_1
Lair:2:   minivault_27, st_stairs_5, grunt_megastairs_4
Bailey:   bailey_polearm_1, bailey

Skill      XL: |  1  2  3  4  5  6  7  8  9 10 11 12 |
---------------+-------------------------------------+-----
Long Blades    | 3 |  3.3
Armour         | 1 3 4 |  4.0
Dodging        | 3 |  3.0
Spellcasting   | 1 2 3 4 |  4.0
Fighting       | 4 |  4.1
Hexes          | 2 3 5 8 9 |  9.0
Ice Magic      | 1 2 |  2.6
Unarmed Combat | 5 7 10 11 | 11.9
Conjurations   | 4 8 10 12 | 12.7
Stealth        | |  1.7

Action                   |  1- 3 |  4- 6 |  7- 9 | 10-12 || total
-------------------------+-------+-------+-------+-------++-------
Melee: Falchion          |    76 |     5 |    40 |    34 ||   155
       Kick              |    17 |    48 |    79 |   259 ||   403
       Dagger            |    13 |   158 |   201 |    18 ||   390
       Headbutt          |     4 |    29 |    33 |   152 ||   218
       Punch             |       |       |     2 |    28 ||    30
       Unarmed           |       |       |       |   774 ||   774
 Cast: Ensorcelled Hiber |       |     1 |     4 |     2 ||     7
       Confuse           |       |       |     2 |    25 ||    27
       Searing Ray       |       |       |       |     2 ||     2
Invok: Curse Item        |     1 |     1 |       |     4 ||     6
Evoke: Wand              |       |     1 |     2 |    18 ||    21
  Use: Potion            |       |       |     6 |     4 ||    10
       Scroll            |       |       |    10 |     5 ||    15
 Stab: Sleeping          |     1 |     4 |     3 |     8 ||    16
       Distracted        |       |     2 |     1 |     2 ||     5
       Confused          |       |       |     2 |     5 ||     7
  Eat: Chunk             |     1 |     7 |    14 |    39 ||    61
Armor: Ring mail         |    20 |     2 |    98 |   295 ||   415
       Leather armour    |     7 |    25 |       |       ||    32
       Skin              |       |       |       |     5 ||     5
Dodge: Dodged            |    45 |    84 |   113 |   441 ||   683
       Rpst.: Falchion   |     8 |     4 |     8 |    15 ||    35

Table legend:
 A = Spawn XP
 B = Non-spawn XP
 C = Spawn XP percentage of total XP
 D = Spawn monster count
 E = Non-spawn monster count
 F = Spawn count percentage of total count
 G = Total turns spent on level
                    A         B        C        D         E        F      G
               +---------+---------+-------+---------+---------+-------+---------
         Total |    4147 |   33691 |  11.0 |      61 |     408 |  13.0 | 16619
               +---------+---------+-------+---------+---------+-------+---------
           D:1 |       6 |      23 |  20.7 |       2 |      17 |  10.5 |   824
           D:2 |      22 |     128 |  14.7 |       9 |      22 |  29.0 |  1228
           D:3 |       6 |      72 |   7.7 |       1 |      20 |   4.8 |   517
           D:4 |      31 |     335 |   8.5 |       2 |      21 |   8.7 |   920
           D:5 |     174 |     798 |  17.9 |       7 |      23 |  23.3 |  1564
           D:6 |     104 |    1150 |   8.3 |       2 |      19 |   9.5 |   755
           D:7 |     210 |     385 |  35.3 |       5 |      10 |  33.3 |   954
           D:8 |     391 |    4608 |   7.8 |       6 |      40 |  13.0 |  1014
           D:9 |     122 |    4694 |   2.5 |       3 |      37 |   7.5 |  1700
          D:10 |     924 |    2678 |  25.7 |       7 |      46 |  13.2 |  1161
          D:11 |     571 |    5370 |   9.6 |       3 |      31 |   8.8 |  1121
          D:12 |     991 |    3848 |  20.5 |      11 |      63 |  14.9 |  1490
        Lair:1 |     274 |    4820 |   5.4 |       1 |      25 |   3.8 |  1766
        Lair:2 |     321 |    4227 |   7.1 |       2 |      19 |   9.5 |  1024
        Bailey |       0 |     555 |   0.0 |       0 |      15 |   0.0 |   581
               +---------+---------+-------+---------+---------+-------+---------
